TOP OF THE 1ST |
University of Toronto Marlies batting - Pitching for Stanford University Cardinal : LHP Ben Mills
|
Pitching: LHP Ben Mills
|
|
Batting: RHB Kekoa Kahele
|
0-0: Called Strike 0-1: Ball 1-1: Swinging Strike 1-2: Ball 2-2: Ball 3-2: Ground out 1-3 (Groundball, 13, EV 75.0 MPH)
|
Batting: RHB Yuusei Narita
|
0-0: Called Strike 0-1: Called Strike 0-2: DOUBLE (Line Drive, 3D, EV 103.1 MPH)
|
Batting: SHB Karl Starnes
|
0-0: Ball 1-0: Called Strike 1-1: Foul Ball, location: 2F 1-2: Foul Ball, location: 2F 1-2: SINGLE (Line Drive, 4MD, EV 99.4 MPH) Yuusei Narita to third
|
Batting: RHB Simon Van Steenwyk
|
0-0: Called Strike 0-1: Swinging Strike 0-2: Foul Ball, location: 2F 0-2: Ball Wild Pitch! Yuusei Narita scores Karl Starnes to second 1-2: Ball 2-2: Ground out 4-3 (Groundball, 4, EV 83.1 MPH) Karl Starnes to third
|
Batting: RHB Nate Henderson
|
0-0: Foul Ball, location: 2F 0-1: Swinging Strike 0-2: Foul Ball, location: 2F 0-2: Strikes out swinging
|
Top of the 1st over - 1 run, 2 hits, 0 errors, 1 left on base; University of Toronto 1 - Stanford University 0 |
BOTTOM OF THE 1ST |
Stanford University Cardinal batting - Pitching for University of Toronto Marlies : RHP Adam McBride
|
Pitching: RHP Adam McBride
|
|
Batting: RHB Antonio Honorato
|
0-0: Ball 1-0: Ball 2-0: DOUBLE (Flyball, 8LD, EV 106.9 MPH)
|
Batting: RHB Tim Dower
|
0-0: Ball 1-0: Ball 2-0: Called Strike 2-1: Foul Ball, location: 2F 2-2: Ground out 1-3 (Groundball, 13S, EV 70.0 MPH) Antonio Honorato to third
|
Batting: LHB Oscar Tamayo
|
0-0: Ball 1-0: Swinging Strike 1-1: Ball 2-1: Ball 3-1: Base on Balls
|
Batting: RHB Jorge Lagunas
|
0-0: Called Strike 0-1: Swinging Strike 0-2: DOUBLE (Flyball, 89XD, EV 100.6 MPH) Antonio Honorato scores Oscar Tamayo to third
|
Batting: RHB Joselito Santos
|
0-0: Foul Ball, location: 2F 0-1: Ball 1-1: SINGLE (Groundball, 6D, EV 101.2 MPH) Oscar Tamayo scores Jorge Lagunas to third Runner from 3rd tries for Home, SAFE, throw by CF to home
|
Batting: LHB Carlos Palau
|
0-0: Ball 1-0: Foul Ball, location: 2F 1-1: Foul Ball, location: 2F 1-2: Foul Ball, location: 2F 1-2: SINGLE (Groundball, 34D, EV 110.0 MPH) Joselito Santos to second
|
Batting: RHB Troy Morin
|
0-0: Called Strike 0-1: Ball 1-1: Called Strike 1-2: Ball 2-2: Strikes out swinging
|
Batting: LHB Ivan Alvarez
|
0-0: Ball 1-0: Called Strike 1-1: Ground out 4-3 (Groundball, 4, EV 105.6 MPH)
|
Bottom of the 1st over - 3 runs, 4 hits, 0 errors, 2 left on base; University of Toronto 1 - Stanford University 3 |
TOP OF THE 2ND |
University of Toronto Marlies batting - Pitching for Stanford University Cardinal : LHP Ben Mills
|
Batting: SHB Jim Lloyd
|
0-0: Called Strike 0-1: Foul Ball, location: 2F 0-2: Ball 1-2: Fly out, F3 (Flyball, 3D, EV 86.2 MPH)
|
Batting: SHB Omar Cervantes
|
0-0: Foul Ball, location: 2F 0-1: Ball 1-1: Swinging Strike 1-2: Strikes out swinging passed ball, reaches first!
|
Batting: RHB Quan Tai
|
0-0: Called Strike 0-1: Foul Ball, location: 2F 0-2: Strikes out swinging
|
Batting: RHB Malcolm McCauley
|
0-0: DOUBLE (Flyball, 89D, EV 106.9 MPH) Omar Cervantes to third
|
Batting: RHB Kekoa Kahele
|
0-0: Foul Ball, location: 2F 0-1: Ball 1-1: Fly out, F8 (Flyball, 8RD, EV 99.4 MPH)
|
Top of the 2nd over - 0 runs, 1 hit, 0 errors, 2 left on base; University of Toronto 1 - Stanford University 3 |
BOTTOM OF THE 2ND |
Stanford University Cardinal batting - Pitching for University of Toronto Marlies : RHP Adam McBride
|
Batting: RHB Mario Rueda
|
0-0: Called Strike 0-1: Ball 1-1: SINGLE (Groundball, 6D, EV 101.2 MPH)
|
Batting: RHB Antonio Honorato
|
0-0: Called Strike 0-1: Ball 1-1: Called Strike 1-2: DOUBLE (Flyball, 89D, EV 110.6 MPH) Mario Rueda to third
|
Batting: RHB Tim Dower
|
0-0: Called Strike 0-1: Foul Ball, location: 2F 0-2: Ball 1-2: Foul Ball, location: 2F 1-2: Ball 2-2: Ball 3-2: SINGLE (Line Drive, 8LS, EV 96.9 MPH) Mario Rueda scores Antonio Honorato to third Runner from 3rd tries for Home, SAFE, throw by CF to home
|
Batting: LHB Oscar Tamayo
|
0-0: Called Strike 0-1: DOUBLE (Line Drive, 78D, EV 108.1 MPH) Tim Dower to third
|
Batting: RHB Jorge Lagunas
|
0-0: Foul Ball, location: 2F 0-1: Ball 1-1: SINGLE (Groundball, 6D, EV 96.9 MPH) Tim Dower scores Oscar Tamayo to third
|
Batting: RHB Joselito Santos
|
0-0: Ball 1-0: Foul Ball, location: 2F 1-1: Ball 2-1: Swinging Strike 2-2: Grounds into double play, 5-4-3 (Groundball, 56, EV 86.9 MPH) Oscar Tamayo scores
|
Batting: LHB Carlos Palau
|
0-0: Called Strike 0-1: Fly out, F5 (Popup, 56S, EV 83.1 MPH)
|
Bottom of the 2nd over - 4 runs, 5 hits, 0 errors, 0 left on base; University of Toronto 1 - Stanford University 7 |
TOP OF THE 3RD |
University of Toronto Marlies batting - Pitching for Stanford University Cardinal : LHP Ben Mills
|
Batting: RHB Yuusei Narita
|
0-0: Ball 1-0: Foul Ball, location: 2F 1-1: Ground out 6-3 (Groundball, 6MD, EV 105.0 MPH)
|
Batting: SHB Karl Starnes
|
0-0: Ball 1-0: Foul Ball, location: 2F 1-1: Foul Ball, location: 2F 1-2: Strikes out swinging
|
Batting: RHB Simon Van Steenwyk
|
0-0: Ball 1-0: Ground out 4-3 (Groundball, 4, EV 103.8 MPH)
|
Top of the 3rd over - 0 runs, 0 hits, 0 errors, 0 left on base; University of Toronto 1 - Stanford University 7 |
BOTTOM OF THE 3RD |
Stanford University Cardinal batting - Pitching for University of Toronto Marlies : RHP Adam McBride
|
Batting: RHB Troy Morin
|
0-0: Called Strike 0-1: Foul Ball, location: 2F 0-2: Strikes out swinging
|
Batting: LHB Ivan Alvarez
|
0-0: Fly out, F7 (Flyball, 78D, EV 88.8 MPH)
|
Batting: RHB Mario Rueda
|
0-0: Called Strike 0-1: Ball 1-1: Called Strike 1-2: Fly out, F9 (Flyball, 9S, EV 75.6 MPH)
|
Bottom of the 3rd over - 0 runs, 0 hits, 0 errors, 0 left on base; University of Toronto 1 - Stanford University 7 |
TOP OF THE 4TH |
University of Toronto Marlies batting - Pitching for Stanford University Cardinal : LHP Ben Mills
|
Batting: RHB Nate Henderson
|
0-0: Ball 1-0: Foul Ball, location: 2F 1-1: Foul Ball, location: 2F 1-2: Foul Ball, location: 2F 1-2: Foul Ball, location: 2F 1-2: Foul Ball, location: 2F 1-2: Ball 2-2: Foul Ball, location: 2F 2-2: Foul Ball, location: 2F 2-2: Foul Ball, location: 2F 2-2: Foul Ball, location: 2F 2-2: Foul Ball, location: 2F 2-2: Ball 3-2: Foul Ball, location: 2F 3-2: SINGLE (Line Drive, 8LS, EV 105.6 MPH)
|
Batting: SHB Jim Lloyd
|
0-0: Called Strike 0-1: Swinging Strike 0-2: Foul Ball, location: 2F 0-2: Strikes out swinging
|
Batting: SHB Omar Cervantes
|
0-0: Foul Ball, location: 2F 0-1: Called Strike 0-2: Ball 1-2: Strikes out swinging
|
Batting: RHB Quan Tai
|
0-0: Foul Ball, location: 2F 0-1: Fielders Choice at 2nd, 6-4 (Groundball, 6, EV 103.8 MPH)
|
Top of the 4th over - 0 runs, 1 hit, 0 errors, 1 left on base; University of Toronto 1 - Stanford University 7 |
BOTTOM OF THE 4TH |
Stanford University Cardinal batting - Pitching for University of Toronto Marlies : RHP Adam McBride
|
Batting: RHB Antonio Honorato
|
0-0: Ball 1-0: DOUBLE (Line Drive, 78D, EV 113.8 MPH)
|
Batting: RHB Tim Dower
|
0-0: Ball 1-0: Foul Ball, location: 2F 1-1: Ball 2-1: Swinging Strike 2-2: Ball 3-2: Foul Ball, location: 2F 3-2: Base on Balls
|
Batting: LHB Oscar Tamayo
|
0-0: Ball 1-0: DOUBLE (Flyball, 78D, EV 99.4 MPH) Antonio Honorato scores Tim Dower to third
|
Pitching: RHP Tony Machado
|
|
Batting: RHB Jorge Lagunas
|
0-0: Called Strike 0-1: Ball 1-1: Ball 2-1: Called Strike 2-2: Ball 3-2: Foul Ball, location: 2F 3-2: Strikes out swinging
|
Batting: RHB Joselito Santos
|
0-0: Called Strike 0-1: Foul Ball, location: 2F 0-2: Ball 1-2: Strikes out swinging
|
Batting: LHB Carlos Palau
|
0-0: Ball 1-0: Swinging Strike 1-1: Swinging Strike 1-2: Ball 2-2: Ball 3-2: Foul Ball, location: 2F 3-2: Base on Balls
|
Batting: RHB Troy Morin
|
0-0: Ball 1-0: Ball 2-0: Ball 3-0: Base on Balls Tim Dower scores Oscar Tamayo to third Carlos Palau to second
|
Batting: LHB Ivan Alvarez
|
0-0: Ball 1-0: SINGLE (Groundball, 4D, EV 96.2 MPH) Oscar Tamayo scores Carlos Palau to third Troy Morin to second Runner from 3rd tries for Home, SAFE, throw by CF to home
|
Now in CF: Juan Ordonez
|
|
Batting: RHB Mario Rueda
|
0-0: SINGLE (Line Drive, 7LS, EV 95.0 MPH) Troy Morin to third Ivan Alvarez to second
|
Batting: RHB Alejandro Gomez
|
0-0: Ball 1-0: Swinging Strike 1-1: Ball 2-1: Swinging Strike 2-2: Strikes out swinging
|
Bottom of the 4th over - 4 runs, 4 hits, 0 errors, 3 left on base; University of Toronto 1 - Stanford University 11 |
TOP OF THE 5TH |
University of Toronto Marlies batting - Pitching for Stanford University Cardinal : LHP Ben Mills
|
Pitching: LHP Jose Gutierres
|
|
Batting: RHB Malcolm McCauley
|
0-0: Called Strike 0-1: Foul Ball, location: 2F 0-2: SINGLE (Line Drive, 7S, EV 101.2 MPH)
|
Batting: RHB Kekoa Kahele
|
0-0: Fly out, F8 (Flyball, 8RD, EV 100.6 MPH)
|
Batting: RHB Yuusei Narita
|
0-0: Fly out, F8 (Flyball, 8LD, EV 93.1 MPH)
|
Batting: SHB Karl Starnes
|
0-0: Called Strike Malcolm McCauley steals 2nd base (no throw) 0-1: Fly out, F9 (Flyball, 9S, EV 85.0 MPH)
|
Top of the 5th over - 0 runs, 1 hit, 0 errors, 1 left on base; University of Toronto 1 - Stanford University 11 |
BOTTOM OF THE 5TH |
Stanford University Cardinal batting - Pitching for University of Toronto Marlies : RHP Tony Machado
|
Pinch Hitting: RHB Aubrey Regimbald
|
0-0: Ball 1-0: Ball 2-0: Foul Ball, location: 2F 2-1: Ball 3-1: Base on Balls
|
Pinch Hitting: RHB Troy Bush
|
0-0: Ball 1-0: Ball 2-0: Called Strike 2-1: Ball 3-1: Called Strike 3-2: Strikes out swinging
|
Pinch Hitting: RHB Kazumi Inouye
|
0-0: Ball 1-0: Swinging Strike 1-1: Swinging Strike 1-2: Strikes out swinging
|
Batting: RHB Joselito Santos
|
0-0: Ball 1-0: DOUBLE (Line Drive, 7LM, EV 93.8 MPH) Aubrey Regimbald to third Runner from 3rd tries for Home, SAFE, throw by LF to home
|
Batting: LHB Carlos Palau
|
0-0: Fly out, F7 (Line Drive, 7D, EV 90.0 MPH)
|
Bottom of the 5th over - 1 run, 1 hit, 0 errors, 1 left on base; University of Toronto 1 - Stanford University 12 |
TOP OF THE 6TH |
University of Toronto Marlies batting - Pitching for Stanford University Cardinal : LHP Jose Gutierres
|
Now at 1B: Kazumi Inouye
|
|
Now at 3B: Troy Bush
|
|
Now in CF: Aubrey Regimbald
|
|
Batting: RHB Simon Van Steenwyk
|
0-0: Ball 1-0: Ball 2-0: Called Strike 2-1: Foul Ball, location: 2F 2-2: Foul Ball, location: 2F 2-2: SINGLE (Line Drive, 6M, EV 93.8 MPH)
|
Batting: RHB Nate Henderson
|
0-0: Foul Ball, location: 2F 0-1: Fly out, F7 (Flyball, 7D, EV 75.6 MPH)
|
Batting: RHB Juan Ordonez
|
0-0: Called Strike 0-1: Ball 1-1: Ball 2-1: Ball 3-1: Base on Balls Simon Van Steenwyk to second
|
Batting: SHB Omar Cervantes
|
0-0: Ball 1-0: Ball 2-0: Ball 3-0: Base on Balls Simon Van Steenwyk to third Juan Ordonez to second
|
Batting: RHB Quan Tai
|
0-0: Ball 1-0: Ball 2-0: Called Strike 2-1: Ball 3-1: Swinging Strike 3-2: Foul Ball, location: 2F 3-2: Strikes out swinging
|
Pitching: RHP Pete Griesser
|
|
Batting: RHB Malcolm McCauley
|
0-0: Called Strike 0-1: Ball 1-1: Ball 2-1: Foul Ball, location: 2F 2-2: Foul Ball, location: 2F 2-2: Strikes out looking
|
Top of the 6th over - 0 runs, 1 hit, 0 errors, 3 left on base; University of Toronto 1 - Stanford University 12 |
BOTTOM OF THE 6TH |
Stanford University Cardinal batting - Pitching for University of Toronto Marlies : RHP Tony Machado
|
Pitching: RHP Jason Todd
|
|
Batting: RHB Troy Morin
|
0-0: Swinging Strike 0-1: Foul Ball, location: 2F 0-2: SINGLE (Line Drive, 78S, EV 104.4 MPH)
|
Pinch Hitting: RHB Marco Morales
|
0-0: Ball 1-0: Ball 2-0: Ball 3-0: Base on Balls Troy Morin to second
|
Batting: RHB Mario Rueda
|
0-0: Ball 1-0: Called Strike 1-1: Ball 2-1: Foul Ball, location: 2F 2-2: Ball 3-2: Base on Balls Troy Morin to third Marco Morales to second
|
Batting: RHB Alejandro Gomez
|
0-0: Ball 1-0: Ball 2-0: Called Strike 2-1: Foul Ball, location: 2F 2-2: Ball 3-2: Foul Ball, location: 2F 3-2: Base on Balls Troy Morin scores Marco Morales to third Mario Rueda to second
|
Batting: RHB Aubrey Regimbald
|
0-0: Ball 1-0: Fielders Choice at 2nd, 5-4 (Groundball, 56S, EV 85.0 MPH) Marco Morales scores Mario Rueda to third
|
Batting: RHB Troy Bush
|
0-0: Called Strike 0-1: SINGLE (Line Drive, 4MD, EV 106.2 MPH) Mario Rueda scores Aubrey Regimbald to second
|
Batting: RHB Kazumi Inouye
|
Balk! Aubrey Regimbald to third Troy Bush to second 0-0: Called Strike 0-1: Ground out 4-3 (Groundball, 4, EV 108.1 MPH) Aubrey Regimbald scores Troy Bush to third
|
Pitching: LHP Jerry Santana
|
|
Batting: RHB Joselito Santos
|
0-0: Swinging Strike 0-1: Ball 1-1: Ball Passed Ball! Troy Bush scores 2-1: Ball 3-1: Base on Balls
|
Pinch Hitting: RHB Alex Martinez
|
0-0: Called Strike 0-1: Ball 1-1: Foul Ball, location: 2F 1-2: Fly out, F8 (Line Drive, 8LM, EV 103.1 MPH)
|
Bottom of the 6th over - 5 runs, 2 hits, 0 errors, 1 left on base; University of Toronto 1 - Stanford University 17 |
TOP OF THE 7TH |
University of Toronto Marlies batting - Pitching for Stanford University Cardinal : RHP Pete Griesser
|
Now at SS: Eddie Luna
|
|
Now in LF: Keiji Kato
|
|
Batting: RHB Kekoa Kahele
|
0-0: Ball 1-0: Foul Ball, location: 2F 1-1: Foul Ball, location: 2F 1-2: SINGLE (Groundball, 4M, EV 82.5 MPH) (infield hit)
|
Batting: RHB Yuusei Narita
|
0-0: Called Strike Kekoa Kahele steals 2nd base 0-1: Called Strike Kekoa Kahele steals 3rd base 0-2: Ball 1-2: Ground out 6-3 (Groundball, 6, EV 100.6 MPH) Kekoa Kahele scores
|
Batting: SHB Karl Starnes
|
0-0: Ball 1-0: Foul Ball, location: 2F 1-1: Called Strike 1-2: Ground out 4-3 (Groundball, 4, EV 82.5 MPH)
|
Batting: RHB Simon Van Steenwyk
|
0-0: Called Strike 0-1: Called Strike 0-2: Foul Ball, location: 2F 0-2: Ball 1-2: Foul Ball, location: 2F 1-2: Foul Ball, location: 2F 1-2: Foul Ball, location: 2F 1-2: Strikes out swinging
|
Top of the 7th over - 1 run, 1 hit, 0 errors, 0 left on base; University of Toronto 2 - Stanford University 17 |
BOTTOM OF THE 7TH |
Stanford University Cardinal batting - Pitching for University of Toronto Marlies : LHP Jerry Santana
|
Pinch Hitting: RHB Luis Cabera
|
0-0: Called Strike 0-1: Ball 1-1: Foul Ball, location: 2F 1-2: Ball 2-2: Ball 3-2: Foul Ball, location: 2F 3-2: Strikes out swinging
|
Batting: RHB Eddie Luna
|
0-0: Called Strike 0-1: Swinging Strike 0-2: Foul Ball, location: 2F 0-2: Strikes out swinging
|
Batting: RHB Mario Rueda
|
0-0: Fly out, F4 (Popup, 23, EV 93.1 MPH)
|
Bottom of the 7th over - 0 runs, 0 hits, 0 errors, 0 left on base; University of Toronto 2 - Stanford University 17 |
TOP OF THE 8TH |
University of Toronto Marlies batting - Pitching for Stanford University Cardinal : RHP Pete Griesser
|
Now at 2B: Luis Cabera
|
|
Batting: RHB Nate Henderson
|
0-0: Called Strike 0-1: Ball 1-1: SOLO HOME RUN (Flyball, 89XD, EV 115.0 MPH), Distance : 428 ft
|
Batting: RHB Juan Ordonez
|
0-0: Ball 1-0: Swinging Strike 1-1: Called Strike 1-2: Ball 2-2: Ball 3-2: Strikes out swinging
|
Batting: RHB Francisco Marin
|
0-0: Ball 1-0: Foul Ball, location: 2F 1-1: Foul Ball, location: 2F 1-2: Ball 2-2: Ball 3-2: TRIPLE (Flyball, 8RXD, EV 106.9 MPH)
|
Pitching: LHP Chris Smith
|
|
Batting: RHB Quan Tai
|
0-0: Ball 1-0: Called Strike 1-1: Called Strike 1-2: Foul Ball, location: 2F 1-2: Fly out, F8 (Flyball, 89S, EV 89.4 MPH)
|
Batting: RHB Malcolm McCauley
|
0-0: Swinging Strike 0-1: Swinging Strike 0-2: Strikes out swinging
|
Top of the 8th over - 1 run, 2 hits, 0 errors, 1 left on base; University of Toronto 3 - Stanford University 17 |
BOTTOM OF THE 8TH |
Stanford University Cardinal batting - Pitching for University of Toronto Marlies : LHP Jerry Santana
|
Batting: RHB Alejandro Gomez
|
0-0: Ball 1-0: SINGLE (Groundball, 56D, EV 99.4 MPH)
|
Batting: RHB Aubrey Regimbald
|
0-0: Grounds into double play, 3-6-1 (Groundball, 34, EV 79.4 MPH)
|
Batting: RHB Troy Bush
|
0-0: Ball 1-0: Called Strike 1-1: Ball 2-1: Ball 3-1: Called Strike 3-2: Foul Ball, location: 2F 3-2: Base on Balls
|
Batting: RHB Kazumi Inouye
|
0-0: Ball 1-0: Fly out, F8 (Flyball, 8LS, EV 91.9 MPH)
|
Bottom of the 8th over - 0 runs, 1 hit, 0 errors, 1 left on base; University of Toronto 3 - Stanford University 17 |
TOP OF THE 9TH |
University of Toronto Marlies batting - Pitching for Stanford University Cardinal : LHP Chris Smith
|
Batting: RHB Kekoa Kahele
|
0-0: Foul Ball, location: 2F 0-1: Ball 1-1: Ball 2-1: Ground out 6-3 (Groundball, 6S, EV 80.6 MPH)
|
Batting: RHB Yuusei Narita
|
0-0: Ball 1-0: Ball 2-0: Ball 3-0: Base on Balls
|
Batting: SHB Karl Starnes
|
0-0: Called Strike 0-1: Foul Ball, location: 2F 0-2: Strikes out swinging
|
Pinch Hitting: RHB Tacito Carreiro
|
0-0: Foul Ball, location: 2F 0-1: Fly out, F4 (Popup, 4M, EV 60.0 MPH)
|
Top of the 9th over - 0 runs, 0 hits, 0 errors, 1 left on base; University of Toronto 3 - Stanford University 17 |
|